Workbook
Name Segment_Libellé_des_opérations: #N/A

Sheet Page d'acceuil
A1: DIRECTION FINANCIERE | B1: =TODAY() -> 45702
B4: Dénomination sociale
B5: Adresse
B6: Téléphone
B7: RCCM
B8: SCIEN/SCIET
B9: NIU
B10: Activités
B11: Forme juridique
B12: Date création de l'entreprise

Sheet AIDE
A9: Remplissez vos données dans les zones :
A12: Les résultats s'affichent dans les zones :

Sheet Tableau de bord
B4: Libellé des opérations | C4: janvier | D4: février | E4: mars | F4: avril | G4: mai | H4: juin | I4: juillet | J4: août | K4: septembre | L4: octobre | M4: novembre | N4: décembre
B5: SOLDE DÉBUT DU MOIS (1) | C5: =JANVIER!I9 -> 2000000 | D5: =C10 -> 2850000 | E5: =D10 -> 2850000 | F5: =E10 -> 2850000 | G5: =F10 -> 2850000 | H5: =G10 -> 2850000 | I5: =H10 -> 2850000 | J5: =I10 -> 2850000 | K5: =J10 -> 2850000 | ... N5: =M10 -> 2850000
B6: TOTAL ENCAISSEMENTS (2) | C6: =Tableau2[[#Totals],[Montant ]] -> 1500000 | D6: =Tableau25[[#Totals],[Montant ]] -> 0 | E6: =Tableau26[[#Totals],[Montant ]] -> 0 | F6: =Tableau27[[#Totals],[Montant ]] -> 0 | G6: =Tableau28[[#Totals],[Montant ]] -> 0 | H6: =Tableau29[[#Totals],[Montant ]] -> 0 | I6: =Tableau210[[#Totals],[Montant ]] -> 0 | J6: =Tableau211[[#Totals],[Montant ]] -> 0 | K6: =Tableau212[[#Totals],[Montant ]] -> 0 | L6: =Tableau213[[#Totals],[Montant ]] -> 0 | M6: =Tableau214[[#Totals],[Montant ]] -> 0 | N6: =Tableau215[[#Totals],[Montant ]] -> 0
B7: TOTAL DÉCAISSEMENTS (3) | C7: =Tableau2[[#Totals],[Montant]] -> 650000 | D7: =Tableau25[[#Totals],[Montant]] -> 0 | E7: =Tableau26[[#Totals],[Montant]] -> 0 | F7: =Tableau27[[#Totals],[Montant]] -> 0 | G7: =Tableau28[[#Totals],[Montant]] -> 0 | H7: =Tableau29[[#Totals],[Montant]] -> 0 | I7: =Tableau210[[#Totals],[Montant]] -> 0 | J7: =Tableau211[[#Totals],[Montant]] -> 0 | K7: =Tableau212[[#Totals],[Montant]] -> 0 | L7: =Tableau213[[#Totals],[Montant]] -> 0 | M7: =Tableau214[[#Totals],[Montant]] -> 0 | N7: =Tableau215[[#Totals],[Montant]] -> 0
B8: VARIATION (4) = (2) - (3) | C8: =C6-C7 -> 850000 | D8: =D6-D7 -> 0 | E8: =E6-E7 -> 0 | F8: =F6-F7 -> 0 | G8: =G6-G7 -> 0 | H8: =H6-H7 -> 0 | I8: =I6-I7 -> 0 | J8: =J6-J7 -> 0 | ... N8: =N6-N7 -> 0
B10: SOLDE DE TRÉSORERIE (Fin du mois) = (5) = (1)+(2)-(3) | C10: =C5+C6-C7 -> 2850000 | D10: =D5+D6-D7 -> 2850000 | E10: =E5+E6-E7 -> 2850000 | F10: =F5+F6-F7 -> 2850000 | G10: =G5+G6-G7 -> 2850000 | H10: =H5+H6-H7 -> 2850000 | I10: =I5+I6-I7 -> 2850000 | J10: =J5+J6-J7 -> 2850000 | ... N10: =N5+N6-N7 -> 2850000

Sheet JANVIER
A7: Journal de Caisse_Janvier 2025 | K7: 45658
I8: Solde RAN | K8: Solde de trésorerie
A9: Date de l'opération | B9: Designation (encaissements) : | C9: Imputation Centre de cout (encaissement) | D9: Montant | E9: Designation (décaissements) : | F9: Imputation Centre de cout (decaissement) | G9: Montant | I9: 2000000 | K9: ='Tableau de bord'!C10 -> 2850000
A10: 45681 | B10: Paiement facture jnavier mise a disposition du personnel | C10: Geslog | D10: 1500000
A11: 45683 | E11: Achat Tol | F11: DMC | G11: 650000
A61: Total | D61: =SUBTOTAL(109,Tableau2[[Montant ]]) -> 1500000 | G61: =SUBTOTAL(109,Tableau2[Montant]) -> 650000
A66: Préparé par | G66: Transféré à
A67: Mme XXXXXXXXXXXXX
A70: Signature | G70: Signature

Sheet FEVRIER
A7: Journal de Caisse_Février 2025 | K7: 45689
I8: Solde RAN | K8: Solde de trésorerie
A9: Date de l'opération | B9: Designation (encaissements) : | C9: Imputation Centre de cout (encaissement) | D9: Montant | E9: Designation (décaissements) : | F9: Imputation Centre de cout (decaissement) | G9: Montant | I9: ='Tableau de bord'!C10 -> 2850000 | K9: ='Tableau de bord'!D10 -> 2850000
A61: Total | D61: =SUBTOTAL(109,Tableau25[[Montant ]]) -> 0 | G61: =SUBTOTAL(109,Tableau25[Montant]) -> 0
A67: Préparé par | G67: Transféré à
A68: Mme XXXXXXXXXXXXX
A71: Signature | G71: Signature

Sheet MARS
A7: Journal de Caisse_Mars 2025 | K7: 45717
I8: Solde du mois précédent | K8: Solde de trésorerie
A9: Date de l'opération | B9: Designation (encaissements) : | C9: Imputation Centre de cout (encaissement) | D9: Montant | E9: Designation (décaissements) : | F9: Imputation Centre de cout (decaissement) | G9: Montant | I9: ='Tableau de bord'!D10 -> 2850000 | K9: ='Tableau de bord'!E10 -> 2850000
A61: Total | D61: =SUBTOTAL(109,Tableau26[[Montant ]]) -> 0 | G61: =SUBTOTAL(109,Tableau26[Montant]) -> 0
A67: Préparé par | G67: Transféré à
A68: Mme XXXXXXXXXXXXX
A71: Signature | G71: Signature

Sheet AVRIL
A7: Journal de Caisse_Avril 2025 | K7: 45748
I8: Solde du mois précédent | K8: Solde de trésorerie
A9: Date de l'opération | B9: Designation (encaissements) : | C9: Imputation Centre de cout (encaissement) | D9: Montant | E9: Designation (décaissements) : | F9: Imputation Centre de cout (decaissement) | G9: Montant | I9: ='Tableau de bord'!E10 -> 2850000 | K9: ='Tableau de bord'!F10 -> 2850000
A61: Total | D61: =SUBTOTAL(109,Tableau27[[Montant ]]) -> 0 | G61: =SUBTOTAL(109,Tableau27[Montant]) -> 0
A66: Préparé par | G66: Transféré à
A67: Mme XXXXXXXXXXXXX
A70: Signature | G70: Signature

Sheet MAI
A7: Journal de Caisse_Mai 2025 | K7: 45778
I8: Solde du mois précédent | K8: Solde de trésorerie
A9: Date de l'opération | B9: Designation (encaissements) : | C9: Imputation Centre de cout (encaissement) | D9: Montant | E9: Designation (décaissements) : | F9: Imputation Centre de cout (decaissement) | G9: Montant | I9: ='Tableau de bord'!F10 -> 2850000 | K9: ='Tableau de bord'!G10 -> 2850000
A61: Total | D61: =SUBTOTAL(109,Tableau28[[Montant ]]) -> 0 | G61: =SUBTOTAL(109,Tableau28[Montant]) -> 0
A66: Préparé par | G66: Transféré à
A67: Mme XXXXXXXXXXXXX
A70: Signature | G70: Signature

Sheet JUIN
A7: Journal de Caisse_Juin 2025 | K7: 45809
I8: Solde du mois précédent | K8: Solde de trésorerie
A9: Date de l'opération | B9: Designation (encaissements) : | C9: Imputation Centre de cout (encaissement) | D9: Montant | E9: Designation (décaissements) : | F9: Imputation Centre de cout (decaissement) | G9: Montant | I9: ='Tableau de bord'!G10 -> 2850000 | K9: ='Tableau de bord'!H10 -> 2850000
A61: Total | D61: =SUBTOTAL(109,Tableau29[[Montant ]]) -> 0 | G61: =SUBTOTAL(109,Tableau29[Montant]) -> 0
A66: Préparé par | G66: Transféré à
A67: Mme XXXXXXXXXXXXX
A70: Signature | G70: Signature

Sheet JUILLET
A7: Journal de Caisse_Juillet 2025 | K7: 45839
I8: Solde du mois précédent | K8: Solde de trésorerie
A9: Date de l'opération | B9: Designation (encaissements) : | C9: Imputation Centre de cout (encaissement) | D9: Montant | E9: Designation (décaissements) : | F9: Imputation Centre de cout (decaissement) | G9: Montant | I9: ='Tableau de bord'!H10 -> 2850000 | K9: ='Tableau de bord'!I10 -> 2850000
A61: Total | D61: =SUBTOTAL(109,Tableau210[[Montant ]]) -> 0 | G61: =SUBTOTAL(109,Tableau210[Montant]) -> 0
A66: Préparé par | G66: Transféré à
A67: Mme XXXXXXXXXXXXX
A70: Signature | G70: Signature

Sheet AOUT
A7: Journal de Caisse_Août 2025 | K7: 45870
I8: Solde du mois précédent | K8: Solde de trésorerie
A9: Date de l'opération | B9: Designation (encaissements) : | C9: Imputation Centre de cout (encaissement) | D9: Montant | E9: Designation (décaissements) : | F9: Imputation Centre de cout (decaissement) | G9: Montant | I9: ='Tableau de bord'!I10 -> 2850000 | K9: ='Tableau de bord'!J10 -> 2850000
A61: Total | D61: =SUBTOTAL(109,Tableau211[[Montant ]]) -> 0 | G61: =SUBTOTAL(109,Tableau211[Montant]) -> 0
A66: Préparé par | G66: Transféré à
A67: Mme XXXXXXXXXXXXX
A70: Signature | G70: Signature

Sheet SEPTEMBRE
A7: Journal de Caisse_Septembre 2025 | K7: 45901
I8: Solde du mois précédent | K8: Solde de trésorerie
A9: Date de l'opération | B9: Designation (encaissements) : | C9: Imputation Centre de cout (encaissement) | D9: Montant | E9: Designation (décaissements) : | F9: Imputation Centre de cout (decaissement) | G9: Montant | I9: ='Tableau de bord'!J10 -> 2850000 | K9: ='Tableau de bord'!K10 -> 2850000
A61: Total | D61: =SUBTOTAL(109,Tableau212[[Montant ]]) -> 0 | G61: =SUBTOTAL(109,Tableau212[Montant]) -> 0
A66: Préparé par | G66: Transféré à
A67: Mme XXXXXXXXXXXXX
A70: Signature | G70: Signature

Sheet OCTOBRE
A7: Journal de Caisse_Octobre 2025 | K7: 45931
I8: Solde du mois précédent | K8: Solde de trésorerie
A9: Date de l'opération | B9: Designation (encaissements) : | C9: Imputation Centre de cout (encaissement) | D9: Montant | E9: Designation (décaissements) : | F9: Imputation Centre de cout (decaissement) | G9: Montant | I9: ='Tableau de bord'!K10 -> 2850000 | K9: ='Tableau de bord'!L10 -> 2850000
A61: Total | D61: =SUBTOTAL(109,Tableau213[[Montant ]]) -> 0 | G61: =SUBTOTAL(109,Tableau213[Montant]) -> 0
A66: Préparé par | G66: Transféré à
A67: Mme XXXXXXXXXXXXX
A70: Signature | G70: Signature

Sheet NOVEMBRE
A7: Journal de Caisse_Novembre 2025 | K7: 45962
I8: Solde du mois précédent | K8: Solde de trésorerie
A9: Date de l'opération | B9: Designation (encaissements) : | C9: Imputation Centre de cout (encaissement) | D9: Montant | E9: Designation (décaissements) : | F9: Imputation Centre de cout (decaissement) | G9: Montant | I9: ='Tableau de bord'!L10 -> 2850000 | K9: ='Tableau de bord'!M10 -> 2850000
A61: Total | D61: =SUBTOTAL(109,Tableau214[[Montant ]]) -> 0 | G61: =SUBTOTAL(109,Tableau214[Montant]) -> 0
A66: Préparé par | G66: Transféré à
A67: Mme XXXXXXXXXXXXX
A70: Signature | G70: Signature

Sheet DECEMBRE
A7: Journal de Caisse_Décembre 2025 | K7: 45992
I8: Solde du mois précédent | K8: Solde de trésorerie
A9: Date de l'opération | B9: Designation (encaissements) : | C9: Imputation Centre de cout (encaissement) | D9: Montant | E9: Designation (décaissements) : | F9: Imputation Centre de cout (decaissement) | G9: Montant | I9: ='Tableau de bord'!M10 -> 2850000 | K9: ='Tableau de bord'!N10 -> 2850000
A61: Total | D61: =SUBTOTAL(109,Tableau215[[Montant ]]) -> 0 | G61: =SUBTOTAL(109,Tableau215[Montant]) -> 0
A66: Préparé par | G66: Transféré à
A67: Mme XXXXXXXXXXXXX
A70: Signature | G70: Signature
